 Dungeon Crawl Stone Soup version 0.30-a0-121-gb27577e5d9 (webtiles) character file.

Game seed: 8397203203498479127

11029 purpskrrrp the Grappler (level 11, 0/86 HPs)
             Began as a Demonspawn Fighter on Sept 15, 2022.
             Was a High Priest of Ru.
             Constricted to death by Jorgrun (7 damage)
             ... on level 12 of the Dungeon.
             The game lasted 00:29:50 (15162 turns).

purpskrrrp the Grappler (Demonspawn Fighter)       Turns: 15162, Time: 00:29:51

Health: 0/86       AC: 14    Str: 20    XL:     11   Next: 43%
Magic:  11/11      EV: 10    Int: 20    God:    Ru [*****.]
Gold:   808        SH:  0    Dex: 13    Spells: 10/10 levels left

rFire   + . .      SeeInvis .    m - +2 morningstar (flame)
rCold   . . .      Faith    .    (no shield)
rNeg    + . .      Spirit   .    t - +1 swamp dragon scales
rPois   +          Reflect  .    p - +0 helmet
rElec   .          Harm     .    (no cloak)
rCorr   +          Rampage  .    (no gloves)
Will    .....                    i - +2 pair of boots
Stlth   +.........               (no amulet)
HPRegen 0.24/turn                q - ring "Raloptos" {rF+ rN+ Int+6}
MPRegen 0.12/turn                h - ring of resist corrosion

@: grasped by roots, constricted
A: ignite blood 2, inability to use devices, hated by all, weak-willed 1, big
brain 2, demonic magic 1, demonic touch 2, hooves 1
a: Renounce Religion, Draw Out Power, Power Leap, Apocalypse


You were on level 12 of the Dungeon.
You worshipped Ru.
Ru was extremely pleased with you.
You visited 2 branches of the dungeon, and saw 13 of its levels.

You collected 808 gold pieces.

Inventory:

Hand Weapons
 a - a +0 war axe
 j - a +3 sling
 m - a +2 morningstar of flaming (weapon)
 n - a +0 double sword
 o - a +2 glaive of venom
Missiles
 E - 2 throwing nets (quivered)
Armour
 b - a +0 scale mail
 c - a +0 buckler
 i - a +2 pair of boots (worn)
 p - a +0 helmet (worn)
 t - +1 swamp dragon scales (worn)
 w - a +0 ring mail of cold resistance
 B - +0 acid dragon scales
Jewellery
 h - a ring of resist corrosion (right hand)
 q - the ring "Raloptos" (left hand) {rF+ rN+ Int+6}
   (You found it on level 3 of the Dungeon)

   [ring of intelligence]

   Int:       It affects your intelligence (+6).
   rF:        It protects you from fire.
   rN:        It protects you from negative energy.
Wands
 f - a wand of roots (8)
Scrolls
 r - 3 scrolls of blinking
 y - 4 scrolls of identify
 z - 3 scrolls of teleportation
 C - a scroll of summoning
Potions
 d - 2 potions of curing
 e - 4 potions of attraction
 g - 2 potions of cancellation
 k - 3 potions of brilliance
 l - a potion of experience {unknown}
 s - 3 potions of resistance
 u - a potion of berserk rage
 v - 2 potions of magic
 x - a potion of flight
 A - a potion of invisibility
 D - a potion of heal wounds


   Skills:
 + Level 8.0 Fighting
 - Level 6.0(6.9) Axes
 + Level 5.2(6.5) Maces & Flails
 - Level 1.9 Ranged Weapons
 + Level 7.3 Armour
 + Level 6.2 Dodging
 - Level 4.4 Shields
 * Level 8.2 Unarmed Combat


You had 10 spell levels left.
You didn't know any spells.
Your spell library contained the following spells:

 Spells                   Type           Power      Damage    Failure   Level
 Apportation              Tloc           0%         N/A       30%         1
 Foxfire                  Conj/Fire      0%         2x1d4     30%         1
 Magic Dart               Conj           0%         1d3       30%         1
 Sandblast                Erth           0%         2d4       30%         1
 Cigotuvi's Dreadful Rot  Necr/Pois/Air  0%         N/A       41%         2
 Ensorcelled Hibernation  Hex/Ice        0%         N/A       41%         2
 Passwall                 Tmut/Erth      0%         N/A       41%         2
 Searing Ray              Conj           0%         2d4       41%         2
 Static Discharge         Conj/Air       0%         3-3/arc   41%         2
 Inner Flame              Hex/Fire       0%         N/A       65%         3
 Kindle Blastsparks       Fire/Tloc/Air  0%         2d10      65%         3
 Stone Arrow              Conj/Erth      0%         3d7       65%         3
 Swiftness                Air            0%         N/A       65%         3
 Airstrike                Air            0%         2d(0-16)  96%         4
 Dispel Undead            Necr           0%         3d6       96%         4
 Flame Wave               Conj/Fire      0%         2d4       96%         4
 Fulminant Prism          Conj/Hex       0%         3d6       96%         4
 Iskenderun's Mystic Bla  Conj/Tloc      0%         2d3       96%         4
 Sticky Flame             Conj/Fire      0%         2d3       96%         4
 Alistair's Intoxication  Tmut/Pois      0%         N/A       100%        5
 Lee's Rapid Deconstruct  Erth           0%         3d5*      100%        5
 Lightning Bolt           Conj/Air       0%         1d11      100%        5
 Orb of Destruction       Conj           0%         9d5       100%        7
 Summon Guardian Golem    Hex/Summ       Unusable   N/A       N/A         3
 Summon Lightning Spire   Summ/Air       Unusable   N/A       N/A         4
 Death Channel            Necr           Unusable   N/A       N/A         6
 Spellforged Servitor     Conj/Summ      Unusable   N/A       N/A         7

Dungeon Overview and Level Annotations

Branches:
Dungeon (12/15)            Temple (1/1) D:7            Lair (0/5) D:9
    Orc (0/2) D:10

Altars:
Ashenzari
Cheibriados
Dithmenos
Gozag
Kikubaaqudgha
Makhleb
Nemelex Xobeh
Okawaru
Qazlal
Ru
Sif Muna
Trog
Uskayaw
Vehumet
Wu Jian
Xom

Shops:
D:4 :   D:10 *   D:12 (

Annotations:
D:3 3 runed translucent doors, ragingrage's ghost, amateur KoBr
D:12 Jorgrun


Innate Abilities, Weirdness & Mutations

Your demonic aura often causes spilled blood to erupt in flames.
You cannot study or use magical devices.
You are hated by all.
You are slightly weak-willed. (Will-)
You have an extremely huge brain. (Int +4)
Spells you cast may paralyse adjacent enemies.
Your touch may inflict irresistible damage on your foes.
You have large cloven feet.


Message History

Jorgrun is no longer petrified.
You barely miss Jorgrun. Jorgrun closely misses you.
You hit Jorgrun but do no damage.
Jorgrun hits you with a +0 vorpal quarterstaff!
You barely miss Jorgrun. Jorgrun hits you but does no damage.
You hit Jorgrun but do no damage. You punch Jorgrun.
Jorgrun is lightly wounded.
Jorgrun mutters some incantations to himself.
Jorgrun closely misses you.
Jorgrun says, "Tha earth be me home, an' ye be trespassing!"
Jorgrun begins to cast a spell, but is stunned by your conviction!
You closely miss Jorgrun.
You touch Jorgrun!
Jorgrun is lightly wounded.
Jorgrun points at you and mumbles some strange words.
Roots burst forth from the earth!
The grasping roots grab you! The grasping roots constrict you!
You focus your inner power and illuminate Jorgrun in retribution!
You barely miss Jorgrun.
You touch Jorgrun!
Jorgrun is lightly wounded.
Jorgrun closely misses you. The grasping roots constrict you!
You hit Jorgrun but do no damage.
You touch Jorgrun!
Jorgrun is moderately wounded.
Jorgrun hits you with a +0 vorpal quarterstaff!
The grasping roots constrict you.
You puncture Jorgrun! You burn Jorgrun.
Jorgrun is moderately wounded.
Jorgrun stops glowing.
Jorgrun is engulfed in blazing flames.
Jorgrun hits you with a +0 vorpal quarterstaff.
The grasping roots constrict you!
You sock Jorgrun! You burn Jorgrun. Your touch misses Jorgrun.
Jorgrun is heavily wounded.
Jorgrun is engulfed in blazing flames.
Jorgrun hits you with a +0 vorpal quarterstaff!
* * * LOW HITPOINT WARNING * * *
x2 The grasping roots constrict you!
* * * LOW HITPOINT WARNING * * *
Jorgrun is engulfed in blazing flames.
Jorgrun closely misses you. The grasping roots constrict you!
You die...

##############
#.............
#.<.####....∩.
#.....○○......
#...<.@g......
#.....°.......
#.....########
#.###.# #. #.#
#. #.# #. ..#
..# ...


You could see Jorgrun.

Vanquished Creatures
  A two-headed ogre (D:11)
  Nergalle (D:11)
  Pikel (D:9)
  A cyclops (D:8)
  A manticore (D:11)
  An elephant (D:9)
  Maggie (D:6)
  A komodo dragon (D:11)
  A troll (D:11)
  2 hornets
  20 yaks
  Eustachio (D:4)
  2 steam dragons
  A wyvern (D:9)
  2 acid dragons
  2 water moccasins (D:7)
  3 orc warriors
  2 black bears (D:9)
  5 sky beasts
  An ice beast (D:5)
  2 ogres
  5 centaurs
  A lemure (D:9)
  A phantom (D:6)
  3 bullfrogs
  3 necrophages
  A scorpion (D:6)
  12 killer bees
  3 howler monkeys
  2 hounds
  2 jellies
  2 orc priests
  Jessica (D:2)
  3 iguanas
  Natasha (thrice) (D:4)
  8 orc wizards
  Robin (D:4)
  4 gnolls (D:5)
  7 adders
  A white imp (D:6)
  2 ufetubi
  A worm (D:2)
  2 dart slugs
  40 orcs
  8 endoplasms
  A giant cockroach (D:3)
  12 goblins
  7 hobgoblins
  5 jackals (D:1)
  7 quokkas
  5 ball pythons
  5 bats
  2 frilled lizards (D:1)
  8 kobolds
  3 rats (D:1)
  A spectral goblin (D:8)
224 creatures vanquished.

Vanquished Creatures (others)
  2 sky beasts
  An orc priest (D:9)
  3 orcs
  2 fungi (D:3)
  3 plants
11 creatures vanquished.

Grand Total: 235 creatures vanquished

Notes
Turn   | Place    | Note
-------+----------+-------------------------------------------
     0 | D:1      | purpskrrrp the Demonspawn Fighter began the quest for the
                  | Orb.
     0 | D:1      | Reached XP level 1. HP: 18/18 MP: 1/1
   217 | D:1      | Gained mutation: Spells you cast may paralyse adjacent
                  | enemies. [demonic ancestry]
   217 | D:1      | Reached XP level 2. HP: 16/24 MP: 2/2
   984 | D:1      | Gained mutation: You have an unusually large brain. (Int
                  | +2) [demonic ancestry]
   984 | D:1      | Reached XP level 3. HP: 27/29 MP: 3/3
  1539 | D:2      | Noticed Jessica
  1544 | D:2      | Killed Jessica
  1736 | D:2      | Reached XP level 4. HP: 35/35 MP: 4/4
  1759 | D:2      | Found a faded altar of an unknown god.
  2418 | D:3      | Found a runed translucent gate.
  2419 | D:3      | Found a runed translucent gate.
  2419 | D:3      | Found a runed translucent gate.
  2419 | D:3      | Noticed ragingrage's ghost (amateur KoBr)
  2419 | D:3      | Noticed a kobold brigand
  2625 | D:3      | Identified the ring "Raloptos" {rF+ rN+ Int+6}
  2693 | D:3      | Reached skill level 1 in Ranged Weapons
  2862 | D:3      | Found a shimmering altar of Xom.
  2951 | D:3      | Found a sacrificial altar of Ru.
  3226 | D:3      | Became a worshipper of Ru the Awakened
  3423 | D:4      | Noticed Natasha
  3432 | D:4      | Killed Natasha
  3433 | D:4      | Reached XP level 5. HP: 21/42 MP: 5/5
  3589 | D:4      | Found Fiod's Book Shoppe.
  3802 | D:4      | Found an ancient bone altar of Kikubaaqudgha.
  3899 | D:4      | Noticed Natasha
  3903 | D:4      | Killed Natasha
  4158 | D:4      | Noticed Eustachio
  4207 | D:4      | Killed Eustachio
  4208 | D:4      | Reached XP level 6. HP: 9/48 MP: 6/6
  4751 | D:4      | Noticed Robin
  4761 | D:4      | Killed Robin
  4884 | D:4      | Found a shimmering blue altar of Sif Muna.
  4885 | D:4      | Found a radiant altar of Vehumet.
  5137 | D:5      | Entered Level 5 of the Dungeon
  5186 | D:5      | Noticed an ice beast
  5193 | D:5      | HP: 2/48 [ice beast (12)]
  5248 | D:4      | Noticed Natasha
  5266 | D:4      | Killed Natasha
  5463 | D:5      | Gained mutation: Your touch may inflict minor irresistible
                  | damage on your foes. [demonic ancestry]
  5463 | D:5      | Reached XP level 7. HP: 52/55 MP: 7/7
  5504 | D:5      | Gained mutation: You are hated by all. [Ru sacrifice]
  5504 | D:5      | Reached * piety under Ru
  5504 | D:5      | Reached ** piety under Ru
  5626 | D:5      | Reached skill level 1 in Dodging
  7043 | D:5      | Gained mutation: You have large cloven feet. [potion of
                  | mutation]
  7057 | D:5      | Reached skill level 5 in Axes
  7556 | D:6      | HP: 2/53 [poisoned by a scorpion]
  7564 | D:5      | Gained mutation: Your touch may inflict irresistible damage
                  | on your foes. [demonic ancestry]
  7564 | D:5      | Reached XP level 8. HP: 22/61 MP: 8/8
  7961 | D:6      | Reached skill level 5 in Fighting
  7964 | D:6      | Reached skill level 1 in Unarmed Combat
  8388 | D:6      | Noticed Maggie
  8401 | D:6      | Killed Maggie
  8770 | D:6      | Reached skill level 5 in Armour
  8951 | D:7      | Found a staircase to the Ecumenical Temple.
  8976 | D:7      | Reached skill level 1 in Maces & Flails
  8976 | D:7      | Gained mutation: Your demonic aura sometimes causes spilled
                  | blood to erupt in flames. [demonic ancestry]
  8976 | D:7      | Reached XP level 9. HP: 48/68 MP: 9/9
  8980 | Temple   | Entered the Ecumenical Temple
 10654 | D:8      | Found an iron altar of Okawaru.
 10655 | D:8      | Gained mutation: You cannot study or use magical devices.
                  | [Ru sacrifice]
 10655 | D:8      | Reached *** piety under Ru
 10655 | D:8      | Reached **** piety under Ru
 10690 | D:8      | Reached skill level 5 in Unarmed Combat
 11132 | D:8      | Noticed a cyclops
 11143 | D:8      | Killed a cyclops
 11163 | D:8      | Found a broken altar of Ashenzari.
 11192 | D:8      | Gained mutation: You have an extremely huge brain. (Int +4)
                  | [demonic ancestry]
 11192 | D:8      | Reached XP level 10. HP: 72/77 MP: 10/10
 11395 | D:9      | Noticed an elephant
 11395 | D:9      | Found a staircase to the Lair.
 11412 | D:9      | Killed an elephant
 11605 | D:9      | Reached skill level 5 in Dodging
 11969 | D:9      | Found a shadowy altar of Dithmenos.
 12139 | D:9      | Noticed Pikel
 12494 | D:9      | Paralysed by a hornet for 1 turns
 12722 | D:9      | Killed Pikel
 13056 | D:10     | Entered Level 10 of the Dungeon
 13226 | D:10     | Found a snail-covered altar of Cheibriados.
 13232 | D:10     | Gained mutation: Your demonic aura often causes spilled
                  | blood to erupt in flames. [demonic ancestry]
 13232 | D:10     | Reached XP level 11. HP: 74/84 MP: 11/11
 13438 | D:10     | Found Baimy's General Store.
 13793 | D:10     | Found a staircase to the Orcish Mines.
 13848 | D:10     | Gained mutation: You are slightly weak-willed. (Will-) [Ru
                  | sacrifice]
 13848 | D:10     | Reached ***** piety under Ru
 14386 | D:11     | Reached skill level 5 in Maces & Flails
 14618 | D:11     | Noticed Nergalle
 14627 | D:11     | Killed Nergalle
 14913 | D:11     | Noticed a two-headed ogre
 15089 | D:11     | Killed a two-headed ogre
 15140 | D:12     | Found Huem's Weapon Shoppe.
 15140 | D:12     | Noticed Jorgrun
 15162 | D:12     | Constricted to death by Jorgrun

Illustrated notes

Levels and vault maps discovered:
D:1:      shiori_arrival_maze, layout_basic, corexii_leaking_fountain
D:2:      layout_loops_cross, dilly_ecumenical_altar_fadedgnrine,
          minmay_misc_feat_doors, grunt_decor_resistance, uniq_jessica
D:3:      layout_loops_ring, xom_teletrap_fun, old_standard_altar,
          marbit_many_paths, gammafunk_ghost_nasty_kobolds
D:4:      layout_loops_corners, mainiacjoe_overflow_surrounded_room,
          mainiacjoe_overflow_divided_tiny, serial_shops, nicolae_square_shop,
          uniq_eustachio, uniq_robin, uniq_natasha
D:5:      layout_loops_cross, serial_co_window_serial, co_window_paths_a,
          co_window_corner_a, co_window_paths_a, co_window_of_opportunity_a,
          co_window_paths_a, co_window_paths_a, co_window_corner_a,
          co_window_paths_c, co_window_cross_2, co_window_broadway_a,
          co_window_corner_b, co_window_4corner_a, co_window_paths_e,
          glass_columns_a
D:6:      layout_rooms, uniq_maggie
D:7:      layout_basic, minmay_temple_entry_junction
D:8:      layout_cave_pools, nicolae_hepliaklqana_monster_ancestors,
          kennysheep_mini_moat, cheibrodos_ashenzari_chains, serial_park,
          serial_park_square1 [serial_park_minivault_5x5_6], serial_park_tiny_2,
          serial_park_square2, serial_park_tiny_2, serial_park_tiny_pond
D:9:      layout_basic, nicolae_dithmenos_through_a_glass_darkly,
          old_standard_altar, david_lair_generic, uniq_pikel
D:10:     layout_basic, mainiacjoe_overflow_catch_the_wave, hiddenorc1_lemuel,
          serial_shops, shop_fountains, minmay_misc_feat_enclosed
D:11:     layout_small_grid, chequers_serial_rivers_small_a,
          chequers_serial_rivers_small_a, uniq_nergalle
D:12:     layout_stronghold, serial_shops, shop, uniq_gastronok, uniq_jorgrun
Temple:   nicolae_temple_cloud_nine

Skill      XL: |  1  2  3  4  5  6  7  8  9 10 11 |
---------------+----------------------------------+-----
Axes           | 2 3 4 5 6 |  6.0
Shields        | 3 4 |  4.4
Armour         | 3 4 5 6 7 |  7.3
Ranged Weapons | 1 |  1.9
Fighting       | 4 5 6 7 8 |  8.0
Dodging        | 2 3 4 5 6 |  6.2
Unarmed Combat | 3 5 7 8 |  8.2
Maces & Flails | 1 3 4 5 |  5.2

Action                   |  1- 3 |  4- 6 |  7- 9 | 10-12 || total
-------------------------+-------+-------+-------+-------++-------
Melee: War axe           |    73 |    50 |   124 |       ||   247
       Morningstar       |       |       |   153 |   203 ||   356
       Touch             |       |       |    26 |    41 ||    67
       Punch             |       |       |     6 |     8 ||    14
 Fire: Sling             |    23 |   170 |       |       ||   193
Throw: Throwing net      |       |       |     1 |     2 ||     3
Invok: Sacrifice Love    |       |       |     1 |       ||     1
       Sacrifice Artific |       |       |     1 |       ||     1
       Sacrifice Essence |       |       |       |     1 ||     1
  Use: Scroll            |     1 |     8 |    10 |     4 ||    23
       Potion            |       |     7 |     8 |     1 ||    16
 Stab: Invisible         |       |       |       |     1 ||     1
Armor: Scale mail        |    39 |   103 |    32 |       ||   174
       Ring mail         |       |       |    65 |       ||    65
       Skin              |       |       |     1 |       ||     1
       Swamp dragon scal |       |       |   118 |   121 ||   239
Dodge: Dodged            |    38 |    97 |   224 |   139 ||   498
Block: Buckler           |    24 |    38 |    18 |       ||    80

Table legend: (Time is in decaauts)
 A = Elapsed time spent in this place.
 B = Non-inter-level travel time spent in this place.
 C = Inter-level travel time spent in this place.
 D = Time resting spent in this place.
 E = Time spent auto-exploring this place.
 F = Levels seen in this place.
 G = Mean time per level.
                   A        B        C        D        E       F      G
               +--------+--------+--------+--------+--------+-----+--------+
         Total |  15416 |  14665 |    751 |   2762 |   9847 |  13 | 1185.8 |
       Dungeon |  15282 |  14531 |    751 |   2762 |   9728 |  12 | 1273.5 |
        Temple |    133 |    133 |      0 |      0 |    119 |   1 |  133.0 |
               +--------+--------+--------+--------+--------+-----+--------+

Top non-repeatable levels by time:
     D:5: 2802 daAuts
     D:4: 2142 daAuts
     D:7: 1485 daAuts
     D:1: 1468 daAuts
     D:9: 1408 daAuts
    D:11: 1126 daAuts
     D:8: 1101 daAuts
     D:3: 1071 daAuts
    D:10: 981 daAuts
     D:6: 850 daAuts
     D:2: 809 daAuts
  Temple: 133 daAuts
    D:12: 33 daAuts
